AoeStats
← old f1sh

Arabia

509881763Analyzed
1v1 RM · 3d ago on Sep 28, 2026· 48m 52s· 2 players
Game mode
Random Map
Map size
Tiny (2 player)
Population
200
Speed
Normal
Resources
Standard
Victory
Conquest
Starting age
Dark Age
Ending age
Imperial Age
RankedLock teamsTeams togetherTeam positionsShared explorationLock speedFull tech treeHidden civsTurbo modeCheats
Victory
Defeat
🇮🇳 Chinese · India
1585
+18
🇨🇳 Jurchens · China
1622
-18
Lord Snow
0:25 Loom
9:02 Feudal Age
9:43 Double-Bit Axe
17:04 Wheelbarrow
19:45 Castle Age
17:50 Horse Collar
18:32 Bloodlines
18:38 Fletching
18:40 Gold Mining
19:34 Padded Archer Armor
20:45 Bodkin Arrow
21:02 Bow Saw
20:40 Town Watch
21:00 Husbandry
24:58 Thumb Ring
25:38 Ballistics
26:07 Leather Archer Armor
26:56 Stone Mining
29:55 Heavy Plow
37:01 Imperial Age
35:43 Hand Cart
35:31 Town Patrol
35:26 Light Cavalry
36:14 Scale Barding Armor
36:20 Forging
37:46 Bracer
38:16 Ring Archer Armor
38:16 Conscription
39:09 Two-Man Saw
39:36 Chemistry
38:47 Masonry
39:23 Chain Barding Armor
39:38 Iron Casting
39:18 Murder Holes
41:05 Elite Chu Ko Nu
43:32 Plate Barding Armor
44:21 Blast Furnace
45:10 Architecture
48:47 Cavalier
old f1sh
6:34 Loom
8:49 Feudal Age
10:56 Double-Bit Axe
17:45 Wheelbarrow
20:47 Castle Age
19:05 Padded Archer Armor
19:09 Fletching
20:57 Gold Mining
21:23 Bodkin Arrow
24:08 Bow Saw
26:17 Padded Archer Armor
29:11 Bloodlines
29:33 Ballistics
30:19 Horse Collar
31:02 Town Watch
34:16 Leather Archer Armor
37:29 Imperial Age
37:33 Siege Engineers
37:52 Masonry
37:45 Heavy Plow
38:22 Bracer
40:07 Chemistry
39:54 Guard Tower
41:36 Squires
41:46 Pikeman
43:59 Hand Cart
45:04 Ring Archer Armor
45:21 Keep
45:17 Architecture
46:20 Fortified Bastions
45:49 Heavy Scorpion
Connection lost

Rejoining the realm…

Still unreachable

The connection could not be restored.

Session expired

The server has moved on; the page needs a fresh start.